 Zot Defence DCSS version 0.16-a0-1157-gec61f8e (webtiles) character file.

98 Kashira the Exhumer (level 4, 40/42 HPs)
             Began as a Troll Death Knight on Oct 8, 2014.
             Was a Follower of Yredelemnul.
             Quit the game in the Realm of Zot (Scenario I: Hall of Zot).
             The game lasted 00:01:40 (250 turns).

Kashira the Exhumer (Troll Death Knight)             Turns: 250, Time: 00:01:40

Health: 40/42      AC:  5    Str: 21    XL:     4   Next: 43%
Magic:  1/5        EV:  9    Int:  7    God:    Yredelemnul [*.....]
Gold:   0          SH:  0    Dex: 10    Spells: 0 memorised, 3 levels left

rFire  . . .     SeeInvis .       - Unarmed
rCold  . . .     Clarity  .     b - +0 robe
rNeg   . . .     SustAb   .     (shield restricted)
rPois  .         Gourm    +     (helmet restricted)
rElec  .         Spirit   .     (no cloak)
rCorr  .         Warding  .     (gloves unavailable)
rMut   .         Stasis   .     (boots unavailable)
MR     .....                    (no amulet)
Stlth  +.........               (no ring)
                                (no ring)

@: not resistant to hostile enchantments, very unstealthy
A: unfitting armour, claws 3, fast metabolism 3, gourmand, regeneration 2,
saprovore 2, shaggy fur 1, tough skin 2
a: Make oklob sapling, Make arrow trap, Make plant, Remove Curse, Animate
Remains, Renounce Religion


You were in the Realm of Zot.
You worshipped Yredelemnul.
Yredelemnul was aware of your devotion.
You were not hungry.

You visited 1 branch

Inventory:

Armour
 b - a +0 robe (worn)
Comestibles
 c - 2 meat rations
Scrolls
 h - a scroll of blinking
Potions
 a - 3 potions of curing
 d - a potion of heal wounds
 e - a potion of haste
 f - 2 potions of magic


   Skills:
 + Level 2.2 Fighting
 + Level 0.8 Armour
 + Level 1.4 Dodging
 + Level 2.6 Unarmed Combat
 + Level 3.5 Invocations


You had 3 spell levels left.
You didn't know any spells.

Dungeon Overview and Level Annotations

Branches:
    Zot (1/1)

Altars:


Innate Abilities, Weirdness & Mutations

You are too large for most types of armour.
You have claws for hands.
Your metabolism is lightning-fast.
You like to eat raw meat.
You heal very quickly.
You can eat rotten meat.
You are covered in fur (AC +1).
You have very tough skin (AC +2).


Message History

You have reached level 3!
Your experience leads to an increase in your attributes!
Increase (S)trength, (I)ntelligence, or (D)exterity?
You feel agile.
You feel stronger.
Your Zot abilities now extend through the making of arrow traps.
You have reached level 4!
Your Zot abilities now extend through the making of plants.
Your Zot abilities now extend through removing curses.
Things that are here:
5 stones; the Orb of Zot Use which ability? (? or * to list) Make oklob sapling where?
Press: ? - help, Dir - move target cursor A rhizome shoots up through the ground and merges with vitriolic spirits in the atmosphere.
Use which ability? (? or * to list) Make arrow trap where?
Press: ? - help, Dir - move target cursor, f - you
Okay, then.
Unknown command.
Are you sure you want to abandon this character and quit the game? (Confirm with "yes".)

▓▓▓▓▓▓▓▓ ▓▓▓▓▓▓▓▓ ....▓▓▓▓
▓▓▓▓.... .......▓▓▓ ▓▓▓.......
.........▓▓ ▓▓.........
..........▓ ▓▓▓▓▓▓▓▓▓ ▓..........
..........▓▓▓.......▓▓▓..........
..........▓▓....P....▓▓..........
..........▓....(.(....▓..........
.............w))@%...............
..........▓.....).....▓..........
..........▓▓....P....▓▓..........
..........▓▓▓.......▓▓▓..........
..........# ▓▓▓▓▓▓▓▓▓ #..........
.........## ##.........
.......### ###....... ....####
####.... ######### #########


You could see a worm and 2 friendly oklob saplings.

Vanquished Creatures
  A wight (Zot)
  6 kobolds (Zot)
  6 rats (Zot)
13 creatures vanquished.

Vanquished Creatures (collateral kills)
  A giant cockroach (Zot)
  2 kobolds (Zot)
  2 rats (Zot)
5 creatures vanquished.

Grand Total: 18 creatures vanquished

Notes
Turn   | Place    | Note
--------------------------------------------------------------
     0 | Zot      | Kashira, the Troll Death Knight, began the quest for the Orb.
     0 | Zot      | Reached XP level 1. HP: 19/19 MP: 1/1
   218 | Zot      | Reached XP level 2. HP: 28/28 MP: 1/1
   220 | Zot      | Reached skill level 1 in Dodging
   239 | Zot      | Noticed Ghymiri
   247 | Zot      | Killed Ghymiri the wight
   247 | Zot      | Reached skill level 3 in Invocations
   247 | Zot      | Reached XP level 3. HP: 33/35 MP: 1/4
   247 | Zot      | Reached XP level 4. HP: 39/42 MP: 1/5
   250 | Zot      | Quit the game

Action                   |  1- 3 |  4- 6 || total
-------------------------+-------+-------++-------
Melee: Unarmed           |    29 |       ||    29
 Abil: Make oklob saplin |     1 |     1 ||     2
  Use: Potion            |     1 |       ||     1
